AoeStats
← Joaking

Oasis

507849041Analyzed
4v4 RM · 11d ago on Sep 19, 2026· 42m 51s· 8 players
Game mode
Random Map
Map size
Large (8 player)
Population
200
Speed
Normal
Resources
Standard
Victory
Conquest
Starting age
Dark Age
Ending age
Imperial Age
RankedLock teamsTeams togetherTeam positionsShared explorationLock speedFull tech treeHidden civsTurbo modeCheats
Victory
Defeat
🇹🇷 Maya · Türkiye
1082
+14
🇹🇷 Franks · Türkiye
1052
+15
🇨🇱 Saracens · Chile
1021
+16
🇹🇷 Vietnamese · Türkiye
1004
+18
🇨🇴 Sicilians · Colombia
1060
-17
🇲🇽 Khitans · Mexico
1044
-16
🇹🇷 Gurjaras · Türkiye
1018
-15
🇳🇱 Italians · Netherlands
1008
-15
Solod
11:20 Feudal Age
15:31 Castle Age
13:48 Double-Bit Axe
14:02 Domestication
16:47 Bow Saw
16:56 Pastoralism
20:10 Loom
23:31 Gold Mining
24:11 Stone Mining
25:32 Wheelbarrow
24:45 Town Watch
26:01 Scale Mail Armor
26:12 Forging
31:08 Arson
31:24 Squires
33:07 Husbandry
33:55 Iron Casting
33:27 Scale Barding Armor
36:17 Imperial Age
33:27 Light Cavalry
36:14 Hand Cart
37:39 Transhumance
36:55 Elite Steppe Lancer
38:31 Hussar
worgdog
0:29 Loom
12:30 Feudal Age
19:36 Castle Age
18:21 Horse Collar
18:54 Double-Bit Axe
21:45 Bloodlines
23:10 Husbandry
23:56 Heavy Plow
24:10 Bow Saw
31:22 Imperial Age
29:45 Caravan
30:09 Kshatriyas
31:34 Scale Mail Armor
31:25 Fletching
32:39 Crop Rotation
31:59 Heavy Camel Rider
34:15 Conscription
35:49 Thumb Ring
36:46 Ballistics
37:28 Chemistry
38:52 Elite Chakram Thrower
basvanhaalen
4:42 Loom
11:00 Feudal Age
12:12 Double-Bit Axe
15:23 Castle Age
13:14 Horse Collar
16:07 Heavy Plow
16:37 Bow Saw
18:00 Heavy Plow
22:17 Wheelbarrow
23:56 Hand Cart
24:33 Stone Mining
24:33 Gold Mining
26:10 Forging
26:00 Scale Mail Armor
26:18 Pikeman
27:00 Squires
31:20 Silk Road
31:39 Stone Shaft Mining
33:58 Imperial Age
31:23 Fletching
31:34 Padded Archer Armor
32:10 Iron Casting
31:52 Town Watch
31:57 Arson
32:47 Caravan
36:00 Coinage
35:58 Elite Genoese Crossbowman
42:47 Blast Furnace
42:03 Chain Mail Armor
41:43 Bodkin Arrow
42:04 Leather Archer Armor
42:05 Thumb Ring
Manco Cápac
6:14 Loom
11:14 Feudal Age
12:03 Horse Collar
24:00 Castle Age
26:28 Wheelbarrow
26:42 Scale Mail Armor
26:52 Forging
26:33 Fletching
34:39 Imperial Age
32:16 Double-Bit Axe
32:46 Gold Mining
34:00 Pikeman
35:49 Bow Saw
35:50 Fletching
38:06 Iron Casting
38:18 Bodkin Arrow
39:50 Bracer
40:14 Ballistics
39:40 Arrowslits
40:44 Heavy Plow
Hawkozi
11:17 Feudal Age
13:36 Man-at-Arms
20:55 Scale Barding Armor
26:22 Castle Age
25:34 Forging
25:35 Double-Bit Axe
27:33 Husbandry
28:12 Chain Barding Armor
28:27 Iron Casting
28:50 Wheelbarrow
30:35 Iron Casting
37:27 Imperial Age
38:16 Hand Cart
42:25 Elite Skirmisher
The Hunter
0:35 Loom
11:40 Feudal Age
13:13 Wheelbarrow
13:00 Double-Bit Axe
12:58 Horse Collar
20:12 Gold Mining
23:01 Castle Age
21:54 Stone Mining
22:47 Arson
22:24 Man-at-Arms
25:09 Squires
24:30 Pikeman
25:47 Hand Cart
26:00 Scale Mail Armor
25:52 Fletching
28:10 Stone Shaft Mining
27:43 Long Swordsman
29:31 Ballistics
28:44 Elite Skirmisher
32:53 Chain Mail Armor
32:39 Padded Archer Armor
32:50 Forging
37:42 Imperial Age
37:50 Two-Handed Swordsman
38:03 Imperial Skirmisher
40:53 Chemistry
40:26 Plate Mail Armor
Joaking
2:37 Loom
11:20 Feudal Age
16:34 Castle Age
16:04 Bloodlines
16:17 Double-Bit Axe
19:51 Scale Barding Armor
31:16 Chain Barding Armor
31:07 Forging
31:38 Wheelbarrow
30:49 Town Watch
35:27 Imperial Age
33:56 Husbandry
34:33 Iron Casting
35:30 Hand Cart
35:36 Elite Mameluke
36:38 Conscription
37:27 Plate Barding Armor
37:20 Horse Collar
37:54 Bow Saw
38:17 Fortified Wall
41:25 Heavy Plow
Subuday Noyan
8:42 Feudal Age
14:11 Castle Age
12:43 Double-Bit Axe
13:00 Horse Collar
19:56 Bow Saw
20:08 Heavy Plow
20:18 Gold Mining
22:33 Stone Mining
28:55 Imperial Age
27:51 Wheelbarrow
27:28 Scale Mail Armor
27:30 Squires
28:26 Stone Shaft Mining
28:44 Chain Mail Armor
28:40 Forging
28:25 Eagle Warrior
30:39 Plate Mail Armor
31:58 Two-Man Saw
31:43 Iron Casting
31:48 Crop Rotation
31:25 Loom
31:36 Fletching
32:34 Hand Cart
32:05 Town Watch
33:01 Conscription
34:34 Blast Furnace
33:51 Elite Eagle Warrior
35:26 Ballistics
35:50 Bodkin Arrow
36:33 Coinage
37:17 Holcans
37:26 Hoardings
37:42 Pikeman
37:51 Elite Plumed Archer
39:54 Bracer
40:56 Chemistry
40:08 Masonry
40:09 Fortified Wall
40:15 Masonry
43:26 Padded Archer Armor
43:57 Architecture
Connection lost

Rejoining the realm…

Still unreachable

The connection could not be restored.

Session expired

The server has moved on; the page needs a fresh start.